 Dungeon Crawl Stone Soup version 0.20.1-1-g8b1a95d (webtiles) character file.

60 AverageBear the Cutter (level 3, -3/22 HPs)
             Began as a Deep Elf Fighter on July 25, 2017.
             Slain by Sigmund
             ... wielding a +0 scythe
              (4 damage)
             ... on level 2 of the Dungeon.
             The game lasted 00:01:02 (1112 turns).

AverageBear the Cutter (Deep Elf Fighter)           Turns: 1112, Time: 00:01:02

Health: -3/22      AC:  8    Str: 17 (19) XL:     3   Next: 82%
Magic:  5/5        EV:  6    Int:  9 (12) God:
Gold:   66         SH:  8    Dex: 12 (14) Spells: 2/2 levels left

rFire    . . .     SeeInvis .   a - +0 rapier
rCold    . . .     Gourm    .   c - +0 shield
rNeg     . . .     Faith    .   b - +0 scale mail
rPois    .         Spirit   .   (no helmet)
rElec    .         Reflect  .   (no cloak)
rCorr    .         Harm     .   (no gloves)
MR       .....                  j - +1 pair of boots
Stlth    ..........             (no amulet)
Regen    0.1/turn               (no ring)
MPRegen  0.1/turn               (no ring)

@: mighty
A: no striking features
a: no special abilities


You were on level 2 of the Dungeon.
You were not hungry.

You visited 1 branch of the dungeon, and saw 2 of its levels.

You collected 66 gold pieces.

Inventory:

Hand Weapons
 a - a +0 rapier (weapon)
Armour
 b - a +0 scale mail (worn)
 c - a +0 shield (worn)
 j - a +1 pair of boots (worn)
Scrolls
 e - a scroll of random uselessness {unknown}
 h - 2 scrolls of identify {unknown}
 l - a scroll of blinking {unknown}
 m - a scroll of remove curse {unknown}
 o - a scroll of enchant armour {unknown}
Potions
 n - a potion of curing
Comestibles
 f - a bread ration


   Skills:
 - Level 2.4 Fighting
 + Level 4.2 Short Blades
 - Level 2.4 Armour
 - Level 2.4 Shields


You had 2 spell levels left.
You didn't know any spells.

Dungeon Overview and Level Annotations

Branches:
Dungeon (2/15)

Altars:
Dithmenos
Makhleb
Nemelex Xobeh
Xom

Annotations:
D:2 Sigmund


Message History

All of the chunks of flesh in your inventory have rotted away.
You barely miss the goblin. Something hits you!
The goblin hits you but does no damage.
You hit the goblin.
You kill the goblin!
You hear some strange, mumbled words.
A puff of flame appears from out of thin air!
You block the puff of flame. Something hits you but does no damage.
There is a large open door, spattered with blood here.
You see here a club.
Your shield prevents you from hitting something.
Something hits you but does no damage.
You puncture something! You barely miss something. Something hits you.
Your shield and scale mail prevent you from hitting something.
Something hits you!
* * * LOW HITPOINT WARNING * * *
You closely miss something. Something hits you.
You die...

###
..#.####...########
.# #..+...'.......
#.##...#####(..
#.##...# #... #
#.###### #... #.
#.# ###' #####.#
##'######## #.
......{##.........#
#.
.......@'......[..#
#.
.......##.........#
#. .......
#)........# #.
.......
#.........#####.
.8.....
##..............
8.8....
#.#############
._.8... #.# 8.8...#
#.#


There were no monsters in sight!

Vanquished Creatures
  2 adders (D:2)
  3 worms
  A leopard gecko (D:1)
  2 giant cockroaches (D:1)
  3 goblins (D:2)
  8 hobgoblins
  A quokka (D:2)
  2 ball pythons
  3 bats
  3 frilled lizards
  4 kobolds
  2 rats (D:1)
34 creatures vanquished.

Notes
Turn   | Place    | Note
-------+----------+-------------------------------------------
     0 | D:1      | AverageBear the Deep Elf Fighter began the quest for the Orb.
     0 | D:1      | Reached XP level 1. HP: 13/13 MP: 3/3
    62 | D:1      | Reached XP level 2. HP: 14/18 MP: 4/4
   174 | D:1      | Reached skill level 3 in Short Blades
   687 | D:2      | Reached XP level 3. HP: 17/22 MP: 5/5
  1023 | D:2      | Found a shimmering altar of Xom.
  1023 | D:2      | Found a burning altar of Makhleb.
  1028 | D:2      | Found a faded altar of an unknown god.
  1030 | D:2      | Found a sparkling altar of Nemelex Xobeh.
  1031 | D:2      | Found a shadowy altar of Dithmenos.
  1080 | D:2      | Reached skill level 4 in Short Blades
  1095 | D:2      | Found a faded altar of an unknown god.
  1095 | D:2      | Noticed Sigmund
  1111 | D:2      | HP: 1/22 [something (8)]
  1112 | D:2      | Slain by Sigmund

Skill      XL: |  1  2  3 |
---------------+----------+-----
Short Blades   | 3 4 |  4.2
Fighting       | |  2.4
Armour         | |  2.4
Shields        | |  2.4

Action                   || total
-------------------------++-------
Melee: Rapier            ||   129
  Use: Potion            ||     4
  Eat: Chunk             ||     1
Armor: Scale mail        ||    57
Dodge: Dodged            ||    21
Block: Shield            ||    55
